 Dungeon Crawl Stone Soup version 0.31-a0-75-g6fe912e8c5 (webtiles) character file.

Game seed: 16509551657492827726

210 bande the Covered (level 5, -6/33 HPs)
             Began as a Gargoyle Fighter on May 23, 2023.
             Was an Initiate of Okawaru.
             Engulfed by a steam dragon's steam (14 damage)
             ... on level 4 of the Dungeon.
             The game lasted 00:02:47 (2332 turns).

bande the Covered (Gargoyle Fighter)                Turns: 2332, Time: 00:02:47

Health: -6/33      AC: 18    Str: 26    XL:     5   Next: 87%
Magic:  5/6        EV:  9    Int:  8    God:    Okawaru [......]
Gold:   206        SH:  4    Dex: 11    Spells: 4/4 levels left

rFire   . . .        a - +0 war axe (protect)
rCold   . . .        c - +0 buckler
rNeg    + . .        b - +0 scale mail
rPois   ∞            (no helmet)
rElec   +            (no cloak)
rCorr   .            (no gloves)
SInv    .            (no boots)
Will    .....        l - amulet of the acrobat Stlth
                     f - +6 ring of strength
HPRegen 0.25/turn    (no ring)
MPRegen 0.10/turn

%: acrobat
@: under a protective aura
A: sickness immunity, AC +4, negative energy resistance 1, electricity
resistance, torment resistance 1, petrification resistance
a: Renounce Religion


You were on level 4 of the Dungeon.
You worshipped Okawaru.
Okawaru was noncommittal.
You visited 1 branch of the dungeon, and saw 4 of its levels.

You collected 206 gold pieces.

Inventory:

Hand Weapons
 a - a +0 war axe of protection (weapon)
Armour
 b - a +0 scale mail (worn)
 c - a +0 buckler (worn)
Jewellery
 f - a +6 ring of strength (left hand)
 l - an amulet of the acrobat (around neck)
Potions
 d - 2 potions of might
 e - 2 potions of curing
 g - a potion of enlightenment {unknown}
 k - a potion of ambrosia {unknown}
 n - a potion of resistance {unknown}


   Skills:
 + Level 4.1 Fighting
 + Level 3.7 Axes
 + Level 4.2 Armour
 - Level 0.2 Stealth
 + Level 3.8 Shields
 * Level 1.4 Invocations


You had 4 spell levels left.
You didn't know any spells.
Your spell library contained the following spells:

 Spells                   Type           Power      Damage    Failure   Level
 Blink                    Tloc           0%         N/A       86%         2
 Lesser Beckoning         Tloc           0%         N/A       86%         2
 Momentum Strike          Conj/Tloc      0%         3d8       86%         2
 Ignite Poison            Fire/Tmut/Pois 0%         N/A       98%         3
 Freezing Cloud           Conj/Ice/Air   0%         6-21      100%        5
 Cigotuvi's Dreadful Rot  Necr/Pois/Air  Unusable   N/A       N/A         2

Dungeon Overview and Level Annotations

Branches:
Dungeon (4/15)
 Temple: D:4-7

Altars:
Nemelex Xobeh
Okawaru


Innate Abilities, Weirdness & Mutations

You are immune to sickness and miasma.
Your stone body is resilient. (AC +4)
You are immune to poison.
You resist negative energy. (rN+)
You are resistant to electric shocks. (rElec)
You are resistant to unholy torment.
You are immune to petrification.


Message History

The steam dragon misses you. The steam dragon barely misses you.
The scorpion misses you. You block the steam dragon's attack.
The steam dragon misses you.
Unknown command.
You block the scorpion's attack. You block the steam dragon's attack.
The steam dragon claws you but does no damage.
You barely miss the steam dragon. You barely miss the scorpion.
You are engulfed in a cloud of scalding steam.
The scorpion stings you but does no damage.
The steam dragon completely misses you.
The steam dragon claws you but does no damage.
The scorpion stings you but does no damage.
Unknown command.
Unknown command.
You slash the steam dragon!
Your weapon exudes an aura of protection.
The steam dragon is heavily wounded.
You hit the scorpion. The steam dragon barely misses you. x2
You block the scorpion's attack.
You closely miss the steam dragon.
The steam dragon is heavily wounded.
You slash the scorpion!
You kill the scorpion!
Okawaru accepts your kill. The steam dragon breathes steam at you.
The ball of steam hits you!
* * * LOW HITPOINT WARNING * * *
The steam dragon bites you but does no damage.
The steam dragon closely misses you.
Unknown command.
You closely miss the steam dragon.
The steam dragon is heavily wounded.
You are engulfed in a cloud of scalding steam.
The steam dragon bites you but does no damage.
The steam dragon completely misses you.
Unknown command.
You hit the steam dragon.
The steam dragon is heavily wounded.
You are engulfed in a cloud of scalding steam.
You die...

#<...............#
#.####..#####..#.###
#.# #...#####.......
#.# #............#
#.##..####......##
.....# #####.$.##
#...# ##...##..#
#... ##§§..)§#.##
#.. #.§...†@D..# #.
#.§§#.§....#
#...........#
##...........#
#............#
..#..........$+
....#.........#
######.......##
##.....##


You could see a steam dragon (catching breath).

Vanquished Creatures
  A scorpion (D:4)
  A howler monkey (D:3)
  Ijyb (D:4)
  A sleepcap (D:4)
  2 worms (D:2)
  A dart slug (D:1)
  2 orcs (D:3)
  3 ball pythons
  3 endoplasms
  2 giant cockroaches
  4 goblins
  10 hobgoblins
  2 quokkas
  6 bats
  4 frilled lizards (D:1)
  5 kobolds
  3 rats
51 creatures vanquished.

Notes
Turn   | Place    | Note
-------+----------+-------------------------------------------
     0 | D:1      | bande the Gargoyle Fighter began the quest for the Orb.
     0 | D:1      | Reached XP level 1. HP: 14/14 MP: 1/1
    75 | D:1      | Reached XP level 2. HP: 19/19 MP: 2/2
   539 | D:1      | Reached XP level 3. HP: 23/23 MP: 3/3
  1234 | D:2      | Found a sparkling altar of Nemelex Xobeh.
  1613 | D:3      | Reached XP level 4. HP: 21/29 MP: 4/4
  1858 | D:3      | Found an iron altar of Okawaru.
  1883 | D:3      | Became a worshipper of Warmaster Okawaru
  2313 | D:4      | Noticed Ijyb
  2314 | D:4      | Noticed a steam dragon
  2318 | D:4      | HP: 1/29 [steam dragon] (4)]
  2318 | D:4      | Noticed a scorpion
  2320 | D:4      | Killed Ijyb
  2321 | D:4      | Reached XP level 5. HP: 23/33 MP: 5/5
  2325 | D:4      | Reached skill level 1 in Invocations
  2332 | D:4      | Engulfed by a steam dragon's steam

Illustrated notes

Levels and vault maps discovered:
D:1:      wander_arrival_abandoned_jail, layout_basic,
          minmay_misc_feat_four_crosses
D:2:      layout_loops_ring, basic_altar
D:3:      layout_loops_ring, mainiacjoe_overflow_catwalk
D:4:      layout_loops_corners, ashenzari_altar_1, mainiacjoe_overflow_24_doors,
          tgw_sif, temple_statues, minmay_manual_moon, uniq_eustachio,
          uniq_ijyb, uniq_duvessa

Skill      XL: |  1  2  3  4  5 |
---------------+----------------+-----
Axes           | 2 3 |  3.7
Armour         | 4 |  4.2
Fighting       | 4 |  4.1
Invocations    | 1 |  1.4
Stealth        | |  0.2
Shields        | |  3.8

Action                     |  1- 3 |  4- 6 || total
---------------------------+-------+-------++-------
  Melee: War axe           |    85 |    75 ||   160
    Use: Scroll            |     1 |     6 ||     7
         Potion            |       |     1 ||     1
 Armour: Scale mail        |    37 |    84 ||   121
  Dodge: Dodged            |    39 |    47 ||    86
  Block: Buckler           |    14 |    19 ||    33

Table legend: (Time is in decaauts)
 A = Elapsed time spent in this place.
 B = Non-inter-level travel time spent in this place.
 C = Inter-level travel time spent in this place.
 D = Time resting spent in this place.
 E = Time spent auto-exploring this place.
 F = Levels seen in this place.
 G = Mean time per level.
                   A        B        C        D        E       F      G
               +--------+--------+--------+--------+--------+-----+--------+
         Total |   2394 |   2359 |     35 |    157 |   1768 |   4 |  598.5 |
       Dungeon |   2394 |   2359 |     35 |    157 |   1768 |   4 |  598.5 |
               +--------+--------+--------+--------+--------+-----+--------+

Top non-repeatable levels by time:
     D:1: 996 daAuts
     D:3: 777 daAuts
     D:2: 568 daAuts
     D:4: 53 daAuts
